 Dungeon Crawl Stone Soup version bcrawl-1.40.2 (webtiles) character file.

Game seed: 14812634684890498413

109685 Mehrunes the Sneak (level 5, -11/46 HPs)
             Began as a Naga Sloth Apostle on Nov 4, 2023.
             Was a Believer of Cheibriados.
             Blown up by Natasha (21 damage)
             ... with a wand of disintegration (12)
             ... on level 3 of the Dungeon.
             The game lasted 00:07:20 (3749 turns).

Mehrunes the Sneak (Naga Sloth Apostle)             Turns: 3749, Time: 00:07:20

Health: -11/46     AC:  5    Str: 20    XL:     5   Next: 49%
Magic:  6/6        EV:  5    Int: 18    God:    Cheibriados [**....]
Gold:   142        SH:  9    Dex: 15    Spells: 5/6 levels left

rFire    . . .     GDR:     27% a - +0 mace
rCold    . . .     SeeInvis +   c - +0 medium shield
rNeg     . . .     Gourm    .   m - +0 scale mail
rPois    +         Faith    .   (no helmet)
rElec    .         Spirit   .   q - +0 cloak
rCorr    .         Reflect  .   (no gloves)
MR       .....     Clarity  +   (no barding)
Stlth    ++........             (no amulet)
HPRegen  0.17/turn              (no ring)
MPRegen  0.10/turn              (no ring)

@: slowed, very slow
A: large, tail, swims, see invisible, deformed body, poison resistance, slowness
2, slow metabolism 1, spit poison 1, AC +1
a: Spit Poison, Bend Time, Defer, Renounce Religion


You were on level 3 of the Dungeon.
You worshipped Cheibriados.
Cheibriados was pleased with you.
You were hungry.

You visited 1 branch of the dungeon, and saw 4 of its levels.

You collected 142 gold pieces.

Inventory:

Hand Weapons
 a - a +0 mace (weapon)
Missiles
 o - 306 sling bullets
 p - 146 tomahawks of dispersal (quivered) {=f}
 s - 2 stones
Armour
 b - a +0 robe
 c - a +0 medium shield (worn)
 m - a +0 scale mail (worn)
 q - a +0 cloak (worn)
Wands
 d - a wand of paralysis (2)
Scrolls
 f - a scroll of remove curse {unknown}
 i - 2 scrolls of identify
 j - a scroll of immolation {unknown}
 k - a scroll of amnesia {unknown}
 n - 2 scrolls of teleportation
 r - a scroll of blinking {unknown}
Potions
 g - a potion of heal wounds {unknown}
 h - a potion of lignification {unknown}
 l - a potion of might {unknown}
Comestibles
 e - 5 rations {!d}


   Skills:
 + Level 2.6 Fighting
 * Level 3.4 Maces & Flails
 + Level 1.2 Dodging
 + Level 5.6 Stealth
 + Level 2.2 Shields
 - Level 1.0 Spellcasting
 - Level 2.0 Hexes
 + Level 2.1 Evocations


You had 5 spell levels left.
You knew the following spells:

 Your Spells              Type           Power        Failure   Level  Hunger
a - Slow                  Hex            #.......     86%         1    None
Your spell library was empty.

Dungeon Overview and Level Annotations

Branches:
Dungeon (4/12)
 Temple: D:4-7

Altars:
Nemelex Xobeh
Vehumet
Zin

Annotations:
D:3 Natasha


Innate Abilities, Weirdness & Mutations

You cannot wear boots.
You can swim through water.
Your serpentine skin is tough. (AC +1)
You have supernaturally acute eyesight. (SInv)
Armour fits poorly on your strangely shaped body.
Your system is resistant to poisons. (rPois)
You cover ground very slowly.
You have a slow metabolism.
You can spit poison.


Message History

Aim: Natasha, carrying a wand of disintegration (13) (heavily wounded)
The splash of poison hits Natasha.
Natasha is poisoned.
Natasha is severely wounded.
You feel slightly more hungry.
Natasha zaps a wand.
You are blasted!
* * * LOW HITPOINT WARNING * * *
Natasha claws you but does no damage.
Evoke which item? (* to show all) (? for menu, Esc to quit)
Aiming: Paralyse
Press: ? - help, Shift-Dir - straight line, f/p - Natasha
Aim: Natasha, carrying a wand of disintegration (12) (severely wounded, poisoned, chance to defeat MR: 54%) Natasha resists with significant effort.
You block Natasha's attack.
Evoke which item? (* to show all) (? for menu, Esc to quit)
Aiming: Paralyse
Press: ? - help, Shift-Dir - straight line, f/p - Natasha
Aim: Natasha, carrying a wand of disintegration (12) (severely wounded, poisoned, chance to defeat MR: 54%) Natasha resists with significant effort.
You have got your breath back.
Natasha claws you but does no damage.
Natasha zaps a wand.
You are blasted!
You die...

....##.,,,,,,,,,,**,,,,,,,,,,,,,,
.......,,,,,,,******,,..,,,,,,,,,
.......,,,,,,,### *,...,,,,,,,,,
.......,,,,,,,..# *....,,,,,,,,,
.......,,,,,,,#.####....,,,,**,,,
..#..8.,#,,####.......##*,,,**,,,
..##...*#..#..'.........,,<,,,,,,
..#######..#.##..h......,,,,,,(,,
..##)[.##..#.##.@.......,,,,,,,,,
..#..8..#...............,,,,,,,,,
........................*,,**,,,,
........................*,,,+,,,,
.....<..[...........###.,,***,,,,
...............######_##,,* *,,,,
..............## ##...##,* *,,,,
###...........### #8.#.8#,***,,,,
...##...###.....# ##.[.##,**,,,,,


You could see Natasha.

Vanquished Creatures
  Terence (D:2)
  Natasha (twice) (D:3)
  An adder (D:4)
  2 worms
  3 dart slugs
  3 leopard geckos
  A ball python (D:1)
  7 giant cockroaches
  3 goblins
  6 hobgoblins
  9 jackals (D:2)
  2 quokkas (D:2)
  8 bats
  5 frilled lizards
  7 kobolds
  6 rats
66 creatures vanquished.

Notes
Turn   | Place    | Note
-------+----------+-------------------------------------------
     0 | D:1      | Mehrunes the Naga Sloth Apostle began the quest for the
                  | Orb.
     0 | D:1      | Reached XP level 1. HP: 19/19 MP: 2/2
    12 | D:1      | Found a glowing silver altar of Zin.
   394 | D:1      | Reached skill level 5 in Stealth
   423 | D:1      | Reached XP level 2. HP: 24/26 MP: 3/3
  1075 | D:2      | Reached XP level 3. HP: 21/32 MP: 4/4
  1143 | D:2      | Reached * piety under Cheibriados
  1302 | D:2      | Noticed Terence
  1311 | D:2      | Killed Terence
  1312 | D:2      | Reached XP level 4. HP: 40/40 MP: 5/5
  1866 | D:2      | Reached ** piety under Cheibriados
  2343 | D:3      | Reached skill level 1 in Dodging
  2464 | D:3      | Found a radiant altar of Vehumet.
  2471 | D:3      | Found a sparkling altar of Nemelex Xobeh.
  2891 | D:3      | Found a faded altar of an unknown god.
  3248 | D:4      | Reached XP level 5. HP: 42/46 MP: 6/6
  3379 | D:4      | Noticed Natasha
  3392 | D:3      | Killed Natasha
  3547 | D:3      | Noticed Natasha
  3557 | D:3      | Killed Natasha
  3702 | D:3      | Found a sparkling altar of Nemelex Xobeh.
  3715 | D:3      | Found a radiant altar of Vehumet.
  3733 | D:3      | Noticed Natasha
  3749 | D:3      | Blown up by Natasha

Skill      XL: |  1  2  3  4  5 |
---------------+----------------+-----
Stealth        | 5 |  5.6
Shields        | 2 |  2.2
Maces & Flails | 3 |  3.4
Dodging        | 1 |  1.2
Evocations     | 2 |  2.1
Fighting       | |  2.6
Spellcasting   | |  1.0
Hexes          | |  2.0

Action                   |  1- 3 |  4- 6 || total
-------------------------+-------+-------++-------
Melee: Mace              |    66 |    77 ||   143
Throw: Tomahawk          |       |     4 ||     4
 Abil: Spit Poison       |    15 |    27 ||    42
Evoke: Wand              |     4 |     4 ||     8
  Use: Scroll            |       |     1 ||     1
 Stab: Sleeping          |     6 |     2 ||     8
       Paralysed         |     4 |       ||     4
  Eat: Chunk             |     4 |     8 ||    12
Armor: Robe              |    22 |       ||    22
       Scale mail        |       |    50 ||    50
Dodge: Dodged            |    37 |    48 ||    85
Block: Medium shield     |     5 |     5 ||    10
